 Dungeon Crawl Stone Soup version 0.20.1-1-g8b1a95d (webtiles) character file.

2321 McKennaii the Thaumaturge (level 9, -8/47 HPs)
             Began as a Deep Elf Conjurer on Aug 1, 2017.
             Was a Follower of Vehumet.
             Mangled by a hell rat (10 damage)
             ... on level 7 of the Dungeon.
             The game lasted 00:17:10 (8023 turns).

McKennaii the Thaumaturge (Deep Elf Conjurer)       Turns: 8023, Time: 00:17:11

Health: -8/47      AC:  6    Str:  5    XL:     9   Next: 19%
Magic:  21/26      EV: 13    Int: 24    God:    Vehumet [*.....]
Gold:   366        SH:  0    Dex: 15    Spells: 24/30 levels left

rFire    . . .     SeeInvis .   F - +2 quarterstaff (chaos)
rCold    . . .     Gourm    .   (shield currently unavailable)
rNeg     . . .     Faith    .   a - +0 robe
rPois    .         Spirit   .   o - +0 helmet
rElec    .         Reflect  .   y - +0 cloak
rCorr    .         Harm     .   w - +0 pair of gloves
MR       .....                  u - +0 pair of boots
Stlth    +++.......             (no amulet)
Regen    0.2/turn               (no ring)
MPRegen  0.2/turn               (no ring)

@: drained
A: no striking features
a: Renounce Religion


You were on level 7 of the Dungeon.
You worshipped Vehumet.
Vehumet was aware of your devotion.
You were not hungry.

You visited 2 branches of the dungeon, and saw 9 of its levels.

You collected 410 gold pieces.
You spent 44 gold pieces at shops.

Inventory:

Hand Weapons
 F - a +2 quarterstaff of chaos (weapon)
Armour
 a - a +0 robe (worn)
 e - a +0 buckler
 o - a +0 helmet (worn)
 u - a +0 pair of boots (worn)
 w - a +0 pair of gloves (worn)
 y - a +0 cloak (worn)
Wands
 C - a wand of lightning (6/15)
 G - a wand of flame (36/48)
Scrolls
 d - a scroll of noise {unknown}
 f - 3 scrolls of teleportation
 h - a scroll of identify
 i - a scroll of fear
 j - a scroll of magic mapping
 k - 3 scrolls of enchant armour
 l - 2 scrolls of remove curse
 p - a scroll of blinking
 r - a scroll of enchant weapon {unknown}
 t - a scroll of random uselessness {unknown}
Potions
 g - a potion of agility
 m - 2 potions of haste
 n - 2 potions of curing
 q - 2 potions of brilliance
 s - a potion of heal wounds
 v - 2 potions of mutation
 x - a potion of lignification {unknown}
 z - a potion of resistance {unknown}
 D - a potion of cancellation {unknown}
 E - a potion of ambrosia {unknown}
Books
 b - a book of Conjurations

   Spells                             Type                      Level
   a - Magic Dart                     Conjuration                  1
   b - Searing Ray                    Conjuration                  2
   c - Dazzling Spray                 Conjuration/Hexes            3
   d - Fulminant Prism                Conjuration/Hexes            4
   e - Force Lance                    Conjuration/Translocation    4
   f - Iskenderun's Mystic Blast      Conjuration                  4
Comestibles
 c - 5 bread rations
 A - a meat ration
 B - 3 fruits


   Skills:
 + Level 1.2(0.5) Fighting
 + Level 3.8(3.0) Dodging
 + Level 4.4(3.6) Stealth
 + Level 11.1(10.2) Spellcasting
 + Level 9.7(8.8) Conjurations


You had 24 spell levels left.
You knew the following spells:

 Your Spells              Type           Power        Failure   Level  Hunger
a - Magic Dart            Conj           ####         1%          1    None
b - Iskenderun's Mystic   Conj           ######..     1%          4    #......
c - Sting                 Conj/Pois      ####         1%          1    None


Dungeon Overview and Level Annotations

Branches:
Dungeon (8/15)             Temple (1/1) D:5
   Lair: D:8-11

Altars:
Ashenzari
Cheibriados
Dithmenos
Elyvilon
Fedhas
Gozag
Hepliaklqana
Kikubaaqudgha
Makhleb
Nemelex Xobeh
Okawaru
Qazlal
Ru
Trog
Uskayaw
Vehumet
Xom
Yredelemnul
Zin
The Shining One

Shops:
D:6 *


Message History

The hell rat is heavily wounded.
A wyvern comes into view.
The hell rat closely misses you. The hell rat barely misses you.
The hell rat bites you!
You feel drained. The hell rat completely misses you. The hell rat bites you!
* * * LOW HITPOINT WARNING * * *
You feel drained.
* * * LOW HITPOINT WARNING * * *
There is a stone staircase leading up, spattered with blood here.
The hell rat bites you.
* * * LOW HITPOINT WARNING * * *
You climb upwards.
There is a stone staircase leading down here.
Okay, then.
As you read the scroll of fear, it crumbles to dust.
You assume a fearsome visage.
The hell rat is unaffected.
The hell rat bites you!
You die...

##..##..##.#.# #..#......#
...###..##.#.# ##.##.....<#
#### #.[...#.# #..##......#
# ###.....#####.##########
###..###....##.....#
#...#..#####.....#
#.#...###........#
#######.......r.÷#.....#
####............@..########
.................###
#######.........##
####.......##...#
.......#.#.#....#
.........#.....##
........#..#.#.#
........#..#..>##
..†.........#...##


You could see a hell rat.

Vanquished Creatures
  Grinder (D:4)
  Menkaure (D:5)
  A sky beast (D:7)
  A porcupine (D:8)
  A phantom (D:4)
  3 ogres
  4 centaurs
  4 bullfrogs
  3 scorpions
  A water moccasin skeleton (D:5)
  A howler monkey (D:7)
  2 crimson imps
  A bullfrog zombie (D:5)
  A quasit (D:8)
  A centaur skeleton (D:6)
  Crazy Yiuf (D:7)
  A centaur zombie (D:5)
  An iguana (D:5)
  A bullfrog skeleton (D:7)
  2 worker ants (D:6)
  A hell rat (D:8)
  2 hound skeletons
  6 gnolls
  A howler monkey skeleton (D:6)
  8 adders
  A river rat (D:8)
  2 oozes
  An adder zombie (D:5)
  4 adder skeletons
  3 worms
  3 leopard geckos
  12 orcs
  13 bats
  5 giant cockroaches
  9 goblins
  2 hobgoblins (D:2)
  10 jackals
  7 quokkas
  A ball python (D:4)
  4 frilled lizards
  2 jackal skeletons
  13 kobolds
  2 quokka skeletons
  A quokka zombie (D:5)
  5 rats
150 creatures vanquished.

Notes
Turn   | Place    | Note
-------+----------+-------------------------------------------
     0 | D:1      | McKennaii the Deep Elf Conjurer began the quest for the Orb.
     0 | D:1      | Reached XP level 1. HP: 10/10 MP: 6/6
    86 | D:1      | Reached XP level 2. HP: 15/15 MP: 0/8
   170 | D:1      | Reached skill level 5 in Conjurations
   701 | D:1      | Reached XP level 3. HP: 19/19 MP: 3/9
  1514 | D:2      | Reached XP level 4. HP: 24/24 MP: 6/11
  1883 | D:3      | Learned a level 4 spell: Iskenderun's Mystic Blast
  1979 | D:3      | Found an ancient bone altar of Kikubaaqudgha.
  2118 | D:3      | Found a hazy altar of Hepliaklqana.
  2118 | D:3      | Found a faded altar of an unknown god.
  2123 | D:3      | Found a white marble altar of Elyvilon.
  2125 | D:3      | Found a glowing golden altar of the Shining One.
  2126 | D:3      | Found a stormy altar of Qazlal.
  2733 | D:4      | Noticed Grinder
  2965 | D:4      | Reached skill level 4 in Spellcasting
  2965 | D:4      | Reached XP level 5. HP: 5/28 MP: 0/13
  3292 | D:4      | Noticed a phantom
  3316 | D:4      | Killed a phantom
  3316 | D:4      | Reached skill level 5 in Spellcasting
  3460 | D:4      | Noticed a centaur
  3463 | D:4      | Killed a centaur
  3463 | D:4      | Reached skill level 6 in Spellcasting
  3463 | D:4      | Reached XP level 6. HP: 33/33 MP: 7/17
  4070 | D:4      | Paralysed by Grinder for 5 turns
  4086 | D:4      | Paralysed by Grinder for 3 turns
  4099 | D:4      | Paralysed by Grinder for 4 turns
  4107 | D:4      | Killed Grinder
  4107 | D:4      | Reached skill level 7 in Spellcasting
  4107 | D:4      | Reached XP level 7. HP: 12/37 MP: 0/19
  4479 | D:5      | Entered Level 5 of the Dungeon
  4500 | D:4      | Reached skill level 1 in Fighting
  4699 | D:5      | Reached skill level 8 in Spellcasting
  4930 | D:5      | Found a staircase to the Ecumenical Temple.
  4945 | Temple   | Entered the Ecumenical Temple
  5042 | Temple   | Became a worshipper of Vehumet
  5214 | D:5      | Reached XP level 8. HP: 33/43 MP: 11/22
  5217 | D:5      | Noticed Menkaure
  5219 | D:5      | Killed Menkaure
  5370 | D:5      | Found a bloodstained altar of Trog.
  5488 | D:5      | Reached skill level 9 in Spellcasting
  6135 | D:6      | Reached skill level 10 in Spellcasting
  6603 | D:6      | Found Koposubb's General Store.
  6618 | D:6      | Bought a scroll of identify for 22 gold pieces
  6618 | D:6      | Bought a scroll of identify for 22 gold pieces
  6731 | D:6      | Reached * piety under Vehumet
  6731 | D:6      | Offered knowledge of Sting by Vehumet.
  6769 | D:6      | Learned a level 1 spell: Sting
  7221 | D:7      | Reached XP level 9. HP: 47/47 MP: 12/25
  7455 | D:7      | Found a runed door.
  7650 | D:7      | Noticed Crazy Yiuf
  7652 | D:7      | Killed Crazy Yiuf
  7746 | D:8      | Noticed a death yak
  7807 | D:8      | Reached skill level 11 in Spellcasting
  8021 | D:8      | HP: 2/47 [hell rat (2)]
  8023 | D:7      | Mangled by a hell rat

Skill      XL: |  1  2  3  4  5  6  7  8  9 |
---------------+----------------------------+-----
Conjurations   | 5 6 7 9 |  9.7
Stealth        | 3 4 |  4.4
Spellcasting   | 4 6 7 8 10 11 | 11.1
Dodging        | 3 |  3.8
Fighting       | 1 |  1.2

Action                   |  1- 3 |  4- 6 |  7- 9 || total
-------------------------+-------+-------+-------++-------
 Cast: Magic Dart        |    71 |   137 |   245 ||   453
       Iskenderun's Myst |       |    10 |    20 ||    30
  Use: Potion            |       |     4 |       ||     4
       Scroll            |       |       |    11 ||    11
  Eat: Chunk             |     1 |     6 |    11 ||    18
       Bread ration      |       |     1 |       ||     1
Armor: Robe              |     1 |     2 |     8 ||    11
Dodge: Dodged            |     5 |    19 |    49 ||    73
